Map: Cactus Valley LE (Void)

Players

ChrisL - Winner!

  • Race: Terran Terran
  • League: Diamond
  • Spawn Location: 1:00

Musumeci

  • Race: Zerg Zerg
  • League: Diamond
  • Spawn Location: 5:00

VOD

Have the link to the VOD?

Description

Time

  • Played on: March 23, 2017, 10:25 a.m.
  • Length: 19:10
Show
View Real Time Build Order
Export as new Build Order

ChrisL Terran - Winner!

Build Orders: Reaper Expand, Bio Tank 

Get SALT Encoding   

  12  0:01  SCV  
  13  0:13  SCV  
  14  0:18  Supply Depot  
  14  0:25  SCV  
  15  0:39  SCV  
  15  0:40  Barracks  
  16  0:45  Refinery  
  16  0:52  SCV  
  17  1:04  SCV  
  18  1:16  SCV  
  19  1:28  Orbital Command  
  19  1:29  Reaper  
  20  1:39  Command Center  
  20  1:49  Barracks  
  20  1:53  SCV  
  21  2:02  Barracks Reactor  
  21  2:05  SCV  
  22  2:10  Refinery  
  22  2:11  Supply Depot  
  22  2:18  SCV  
  23  2:31  Factory  
  23  2:33  SCV  
  24  2:38  Marine  
  24  2:39  Marine  
  26  2:45  Barracks Tech Lab  
  26  2:46  SCV  
  27  2:51  Orbital Command  
  27  2:57  Marine x2  
  29  3:03  SCV  
  29  3:05  Marine  
  30  3:06  Stimpack  
  31  3:15  Starport  
  31  3:17  SCV  
  31  3:19  Marine  
  32  3:21  Marine  
  32  3:23  Factory Reactor  
  34  3:28  Marine  
  34  3:30  SCV  
  34  3:31  SCV  
  37  3:43  Marine x2, Supply Depot  
  39  3:49  Marine  
  39  3:50  SCV  
  39  3:51  SCV  
  42  4:00  Marine  
  43  4:05  Supply Depot  
  43  4:08  Medivac x2  
  47  4:12  Marine  
  47  4:13  Marine  
  47  4:15  SCV  
  47  4:16  SCV  
  51  4:24  Engineering Bay  
  51  4:25  Marine, Engineering Bay  
  51  4:30  Marine  
  53  4:32  SCV  
  53  4:33  SCV  
  57  4:38  Marauder  
  57  4:49  Marine x2  
  57  4:50  Factory Tech Lab  
  59  4:53  SCV x2  
  59  4:54  Terran Infantry Weapons Level 1  
  59  4:57  Command Center  
  59  4:58  Terran Infantry Armor Level 1  
  61  5:02  Supply Depot  
  61  5:09  SCV  
  62  5:20  SCV  
  62  5:22  SCV  
  62  5:29  Marauder, Marine x2  
  62  5:32  SCV  
  66  5:40  Siege Tank  
  66  5:41  Combat Shields  
  70  5:42  SCV  
  70  5:44  Refinery, Barracks x2  
  70  5:45  Refinery  
  70  5:57  Supply Depot  
  70  5:58  Supply Depot  
  70  6:08  SCV, Medivac  
  70  6:09  Armory  
  73  6:11  Marauder, Marine x2  
  77  6:22  SCV x2  
  79  6:29  Marine  
  79  6:31  Barracks Tech Lab  
  79  6:32  Barracks Reactor  
  80  6:35  Orbital Command  
  80  6:37  SCV x2  
  80  6:39  Refinery  
  82  6:41  Supply Depot  
  82  6:42  Marauder, Refinery, Marine  
  82  6:43  Siege Tank  
  88  6:49  SCV x2  
  90  6:55  Marauder  
  90  7:00  Terran Infantry Weapons Level 2  
  90  7:01  SCV x2  
  93  7:03  SCV  
  93  7:04  Barracks  
  93  7:08  Supply Depot  
  95  7:10  Terran Infantry Armor Level 2  
  95  7:13  SCV x2  
  97  7:25  Marauder x2, Marine x3  
  97  7:26  Marine  
  97  7:28  Siege Tank  
  97  7:29  SCV  
  110  7:30  SCV x2  
  111  7:39  Factory  
  111  7:46  Marine x3  
  111  7:47  Marauder  
  112  8:02  Marine  
  112  8:03  Marauder  
  112  8:05  Siege Tank  
  103  8:06  Barracks Tech Lab  
  103  8:07  SCV x3  
  103  8:08  Marauder  
  103  8:10  Supply Depot  
  107  8:14  Marine x2  
  107  8:15  Medivac x2  
  107  8:19  SCV x2  
  115  8:21  SCV  
  116  8:27  Supply Depot  
  116  8:28  Marine  
  116  8:29  Factory Tech Lab, Marine, Supply Depot  
  116  8:30  Marauder x2  
  122  8:44  Marine x3  
  122  8:45  Marine, Siege Tank  
  129  8:49  Siege Tank  
  129  8:50  SCV x2, Medivac x2  
  129  8:51  SCV  
  129  8:54  Supply Depot  
  139  9:02  Marauder x2  
  143  9:03  Marauder  
  143  9:09  Marine x3  
  147  9:10  Marine  
  149  9:18  Supply Depot  
  149  9:20  Siege Tank  
  149  9:23  Terran Vehicle Weapons Level 1, Supply Depot  
  149  9:24  Supply Depot  
  152  9:29  Supply Depot  
  151  9:36  Marauder, Marine x2  
  151  9:37  Marauder  
  157  9:40  Medivac x2, Siege Tank  
  156  9:53  Marauder, Marine x2  
  156  9:54  Marine  
  156  9:56  Terran Infantry Weapons Level 3, Terran Infantry Armor Level 3, SCV  
  156  9:57  SCV x2  
  161  10:00  Marauder x2, Marine  
  164  10:07  Siege Tank  
  164  10:09  SCV  
  164  10:10  SCV, Marine x2, Command Center  
  171  10:16  Marine  
  171  10:17  Marauder  
  171  10:18  Marine  
  175  10:22  Siege Tank  
  175  10:24  Marauder, Marine  
  175  10:28  Barracks x2, Marine  
  175  10:55  Marauder, Marine, Siege Tank x2  
  175  10:56  Marauder x2  
  176  10:58  Medivac x2  
  176  11:00  SCV x2  
  170  11:27  Marauder, Marine x4  
  170  11:28  Marauder  
  162  11:42  Siege Tank x2  
  168  11:51  Planetary Fortress  
  165  11:57  Marauder x3, Marine x4  
  165  12:06  Barracks Tech Lab x2  
  165  12:10  Starport  
  165  12:12  Factory  
  165  12:14  Siege Tank x2  
  165  12:15  Marine x3, Supply Depot  
  148  12:51  Marauder x4, Marine x2  
  148  12:54  Medivac x2, Siege Tank x2  
  158  13:11  Marauder  
  158  13:12  Marauder, Marine x3  
  164  13:20  Marine  
  164  13:24  Marauder x2, Marine, Medivac  
  170  13:29  Sensor Tower  
  170  13:30  Marine  
  164  13:45  Marauder, Marine  
  164  13:46  Marauder x2, Siege Tank x2  
  164  13:48  Factory Tech Lab, Starport Reactor  
  177  13:55  Orbital Command  
  177  13:56  Marauder x2, Marine x2  
  167  14:19  Marauder x3, Marine x2  
  167  14:20  Marauder, Marine  
  178  14:25  Marauder  
  178  14:26  Siege Tank x2  
  186  14:33  SCV x2  
  188  14:41  Marauder  
  169  15:12  Marauder, Marine x2  
  147  15:48  Marauder x4, Marine  
  147  15:49  Marauder, Marine x3  
  157  15:50  Siege Tank x3  
  157  15:51  Medivac x2  
  170  15:57  Sensor Tower  
  170  16:03  Terran Vehicle Weapons Level 2  
  170  16:06  Marine  
  170  16:09  Marauder  
  170  16:10  Marauder  
  168  16:18  SCV x2  
  170  16:19  Refinery x3  
  170  16:20  Refinery  
  170  16:22  Liberator x2  
  170  16:24  Medivac x2  
  174  16:37  Marauder  
  182  16:44  Marine x4  
  186  16:58  Command Center  
  186  17:16  Viking x2  
  184  17:28  Medivac  
  184  17:29  Medivac  
  147  17:53  Marauder x2, Marine x4  
  151  18:05  Marauder, Marine x2  
  154  18:11  Marine  
  154  18:12  Marine x2  
  148  18:14  Marauder  
  148  18:15  Medivac  
  148  18:16  Marine, Medivac x2  
  148  18:17  Marauder  
  154  18:22  Marine  
  154  18:23  Marine  
  154  18:26  Marine  
  150  18:29  Marine x3  
  153  18:34  Marine  
  153  18:35  Marine  
  153  18:37  Marine  
  153  18:39  Viking  
  153  18:41  Marauder, Marine  
  161  18:44  Marine  
  161  18:47  Marine x2  
Show
View Real Time Build Order
Export as new Build Order

Musumeci Zerg 

Build Orders: Hatch First 

Get SALT Encoding   

  12  0:07  Drone  
  12  0:08  Drone  
  14  0:16  Drone, Extractor  
  15  0:40  Hatchery  
  14  0:47  Drone, Extractor  
  15  1:02  Spawning Pool  
  14  1:07  Extractor  
  14  1:08  Drone  
  14  1:13  Extractor  
  14  1:14  Drone  
  16  1:20  Overlord  
  16  1:39  Drone  
  18  1:40  Drone  
  18  1:50  Queen  
  18  1:52  Queen  
  18  1:53  Drone  
  23  1:56  Drone  
  23  1:59  Drone  
  25  2:06  Overlord  
  25  2:11  Drone  
  25  2:13  Drone  
  27  2:16  Drone  
  28  2:24  Drone, Extractor  
  28  2:29  Queen  
  30  2:36  Queen  
  32  2:40  Drone x2  
  35  2:44  Drone, Extractor  
  35  2:45  Drone  
  36  2:54  Overlord  
  36  3:13  Drone x8  
  44  3:24  Drone, Extractor x2  
  44  3:25  Drone, Roach Warren  
  43  3:29  Drone  
  44  3:59  Overlord x3  
  44  4:10  Hatchery  
  43  4:28  Evolution Chamber x2  
  41  4:39  Drone x12  
  53  4:46  Overlord  
  53  4:51  Roach  
  55  4:53  Roach  
  55  4:54  Roach x2  
  55  4:57  Lair  
  55  4:59  Extractor  
  60  5:04  Extractor  
  60  5:06  Drone  
  60  5:11  Roach  
  60  5:12  Roach x4  
  58  5:26  Roach x3  
  58  5:27  Roach  
  58  6:01  Overlord x3  
  58  6:05  Overlord  
  58  6:12  Overlord x3  
  58  6:19  Spore Crawler  
  58  6:20  Spore Crawler  
  58  6:22  Spore Crawler  
  58  6:24  Zerg Missile Weapons Level 1  
  58  6:25  Zerg Ground Armor Level 1  
  55  6:28  Glial Reconstitution  
  55  6:48  Drone x10  
  55  6:49  Roach  
  55  6:50  Roach x5  
  77  6:55  Drone x2  
  77  6:56  Drone  
  77  6:58  Drone  
  81  7:03  Ravager  
  81  7:04  Ravager x3  
  85  7:14  Ravager  
  85  7:15  Ravager x3  
  89  7:16  Drone  
  89  7:17  Drone x3  
  89  7:20  Drone  
  94  7:24  Drone  
  94  7:26  Drone x3  
  94  7:29  Extractor  
  97  7:30  Ravager x2  
  97  7:31  Extractor  
  80  8:05  Drone x14  
  88  8:06  Drone x4  
  98  8:22  Overlord  
  98  8:23  Overlord x2  
  98  8:24  Zerg Missile Weapons Level 2  
  98  8:42  Queen  
  100  8:54  Zergling x2  
  101  8:59  Drone  
  101  9:00  Drone x4  
  101  9:01  Drone x2  
  101  9:02  Drone x4  
  112  9:06  Drone x3  
  112  9:07  Drone, Spore Crawler  
  112  9:08  Spore Crawler  
  114  9:10  Spine Crawler x2  
  114  9:13  Spine Crawler  
  111  9:17  Roach  
  111  9:18  Roach x2  
  111  9:19  Ravager x3  
  111  9:20  Ravager  
  120  9:28  Roach  
  122  9:32  Overlord x3  
  120  9:56  Hatchery  
  119  10:09  Ravager x4  
  119  10:10  Roach  
  119  10:11  Roach x10  
  145  10:24  Overlord  
  145  10:25  Overlord  
  145  10:26  Overlord  
  145  10:28  Overlord  
  145  10:36  Overlord x4, Spore Crawler  
  141  10:52  Roach x10  
  141  10:55  Ravager x7  
  157  10:57  Zerg Ground Armor Level 2  
  148  11:24  Ravager  
  148  11:25  Ravager x9  
  146  11:37  Roach  
  146  11:38  Roach x11  
  145  11:54  Roach x7  
  151  12:09  Ravager  
  151  12:10  Ravager x3  
  155  12:21  Ravager x3  
  158  12:27  Extractor  
  157  12:30  Extractor  
  122  12:55  Ravager x3  
  122  12:56  Roach x8  
  136  13:02  Zergling x2  
  137  13:08  Roach  
  137  13:09  Roach x16  
  155  13:27  Infestation Pit, Drone x4  
  155  13:28  Drone x4  
  162  13:35  Drone x3  
  162  13:38  Drone  
  162  13:39  Drone x2  
  168  13:47  Spore Crawler  
  167  13:54  Roach  
  167  13:55  Roach x7, Overlord  
  183  13:56  Overlord  
  183  14:02  Spine Crawler  
  182  14:03  Spore Crawler  
  182  14:04  Spine Crawler  
  182  14:05  Spine Crawler  
  182  14:08  Spine Crawler  
  142  14:24  Roach x3  
  142  14:25  Ravager  
  142  14:26  Ravager x12  
  153  14:38  Hatchery  
  137  14:52  Roach x6  
  121  15:10  Roach x14  
  101  15:28  Roach x6  
  101  15:29  Roach x3  
  108  15:38  Drone x4  
  112  15:50  Hive  
  112  15:51  Ravager  
  112  15:52  Ravager  
  112  15:53  Ravager  
  111  16:12  Roach x4  
  117  16:18  Ravager  
  117  16:19  Ravager x5  
  117  16:20  Ravager  
  117  16:22  Ravager  
  117  16:25  Ravager  
  126  16:26  Ravager  
  127  16:42  Drone x8  
  127  16:45  Drone  
  136  16:56  Queen  
  138  17:01  Burrow  
  138  17:02  Tunneling Claws  
  135  17:10  Ravager x6  
  141  17:17  Evolution Chamber  
  141  17:19  Evolution Chamber  
  139  17:23  Ravager x2  
  139  17:24  Ravager x2  
  121  17:41  Roach  
  121  17:42  Roach x8  
  50  18:21  Roach x4  
  50  18:22  Roach x9  
  65  18:29  Roach x5  
  65  18:30  Roach x2  
  69  18:34  Roach  
  69  18:38  Roach x3  
  69  18:40  Roach  
  69  18:46  Roach  
Tags
 
Add a new tag
Caveats
  • Supply blocks, unpowered buildings, or Contaminate may cause inaccurate times.
  • Supply counts are checked every 10 seconds.